 Dungeon Sprint DCSS version 0.30-a0-137-gd8773701ce (webtiles) character file.

Game seed: 658140605736040532

51 Pilot the Shield-Bearer (level 3, -4/39 HPs)
             Began as a Troll Fighter on Sept 22, 2022.
             Slain by a water elemental (12 damage)
             ... in the Dungeon (Sprint III: "The Ten Rune Challenge").
             The game lasted 00:01:36 (116 turns).

Pilot the Shield-Bearer (Troll Fighter)              Turns: 116, Time: 00:01:37

Health: -4/39      AC:  4    Str: 24    XL:     3   Next: 57%
Magic:  2/2        EV:  9    Int:  4    God:
Gold:   16         SH:  8    Dex: 11    Spells: 2/2 levels left

rFire   . . .      SeeInvis .      - Unarmed
rCold   . . .      Faith    .    b - +0 kite shield
rNeg    . . .      Spirit   .    a - +0 robe
rPois   .          Reflect  .    (helmet restricted)
rElec   .          Harm     .    (no cloak)
rCorr   .          Rampage  .    (gloves unavailable)
Will    .....      NoTele   +    (boots unavailable)
Stlth   +.........               (no amulet)
HPRegen 0.93/turn                (no ring)
MPRegen 0.08/turn                (no ring)

@: engulfed (cannot breathe)
A: large, unfitting armour, claws 3, regeneration 1, shaggy fur 1, tough skin 1
a: no special abilities


You were in the Dungeon.
You visited 1 branch You collected 16 gold pieces.

Inventory:

Hand Weapons
 j - a +0 sling
Missiles
 k - 2 stones (quivered)
Armour
 a - a +0 robe (worn)
 b - a +0 kite shield (worn)
Scrolls
 i - a scroll of blinking
 l - a scroll of torment {unknown}
 m - 4 scrolls of identify
 n - a scroll of poison {unknown}
Potions
 c - a potion of might
 d - a potion of curing
 e - a potion of heal wounds
 f - a potion of haste
 g - 2 potions of magic
 h - a potion of berserk rage
 o - a potion of flight {unknown}
 p - 7 potions of mutation


   Skills:
 + Level 4.1 Fighting
 + Level 3.8 Dodging
 + Level 4.3 Shields
 + Level 3.1 Unarmed Combat


You had 2 spell levels left.
You didn't know any spells.
Your spell library was empty.

Dungeon Overview and Level Annotations

Branches:
Dungeon (1/1)

Altars:


Innate Abilities, Weirdness & Mutations

You are too large for most types of armour.
You have claws for hands.
Your natural rate of healing is unusually fast.
You are covered in fur. (AC +1)
You have tough skin. (AC +1)


Message History

a potion of mutation; 2 potions of mutation; a potion of mutation
n - a scroll labelled YSTRUZ CUCVUIR;
m - 4 scrolls of identify (gained 2)
o - a red potion
Things that are here:
a potion of mutation; 2 potions of mutation
Okay, then.
You now have 16 gold pieces (gained 10).
Things that are here:
a potion of mutation; 2 potions of mutation
p - a potion of mutation
p - 2 potions of mutation (gained 1);
p - 4 potions of mutation (gained 2)
p - 5 potions of mutation (gained 1)
p - 7 potions of mutation (gained 2)
There is an open door here.
You open the door.
A water elemental comes into view.
Throw: 3 stones
Press: ? - help, Shift-Dir - straight line, f - water elemental
Aim: a water elemental (69% to hit)
You throw a stone. The stone hits the water elemental.
The water elemental is lightly damaged.
You scratch the water elemental.
The water elemental is moderately damaged.
You block the water elemental's attack.
You claw the water elemental!
The water elemental is heavily damaged.
The water elemental barely misses you.
You scratch the water elemental.
The water elemental is heavily damaged.
The water elemental hits you.
The water elemental engulfs you in water!
You claw the water elemental!
The water elemental is almost destroyed.
Your lungs strain for air!
The water elemental closely misses you. The water elemental hits you!
You slip free of the water engulfing you.
* * * LOW HITPOINT WARNING * * *
Your lungs strain for air!
The water elemental hits you!
You die...

▓▓▓▓▓▓▓▓ ▓▓▓ <..#...####
##.# ...#..†...#####..#
..##.......#..#..#
##.##.##...#..#..# #+#+#
##.##.###..##'#.@#......
#.####.##..###...E.⌠....
.###..##.)####...#...###
#..†..##..###....#.⌠.#
###†.##...##.....# ..#
##..##....#......# ###
#..###..##.#.....# #..#
#..#####....# ▓▓▓▓ ▓▓▓▓
▓▓▓▓▓▓


You could see a water elemental.

Vanquished Creatures
  Jessica (D)
  A human (D)
  A phantom (D)
  3 rats (D)
6 creatures vanquished.

Notes
Turn   | Place    | Note
-------+----------+-------------------------------------------
     0 | D        | Pilot the Troll Fighter began the quest for the Orb.
     0 | D        | Reached XP level 1. HP: 22/22 MP: 0/0
    35 | D        | Noticed Jessica
    38 | D        | Killed Jessica
    39 | D        | Reached XP level 2. HP: 32/32 MP: 1/1
    69 | D        | Reached XP level 3. HP: 35/39 MP: 2/2
   110 | D        | Noticed a water elemental
   116 | D        | Slain by a water elemental

Illustrated notes

Levels and vault maps discovered:
D:        dungeon_sprint_mu [sprint_mu_entry_cave, sprint_mu_temple_rooms,
          sprint_mu_d1_spiders, sprint_mu_d2_genie, sprint_mu_d3_branching,
          sprint_mu_orc_legion, sprint_mu_elf_gauntlet, sprint_mu_hive_nellie,
          sprint_mu_lair_fedhas, sprint_mu_vaults_butterflies,
          sprint_mu_slime_circle, sprint_mu_shoals_kraken,
          sprint_mu_snake_twists, sprint_mu_blade_basic,
          sprint_mu_crypt_chambers, sprint_mu_tomb_spiral,
          sprint_mu_vestibule_basic, sprint_mu_gehenna_hellfire,
          sprint_mu_dis_giant, sprint_mu_tartarus_statrot,
          sprint_mu_cocytus_islands, sprint_mu_zot1]

Skill      XL: |  1  2 |
---------------+-------+-----
Shields        | 4 |  4.3
Fighting       | 3 4 |  4.1
Dodging        | 3 |  3.8
Unarmed Combat | 3 |  3.1

Action                   || total
-------------------------++-------
Melee: Unarmed           ||    35
Throw: Stone             ||     4
Armor: Robe              ||     5
Dodge: Dodged            ||    10
Block: Kite shield       ||     9

Table legend: (Time is in decaauts)
 A = Elapsed time spent in this place.
 B = Non-inter-level travel time spent in this place.
 C = Inter-level travel time spent in this place.
 D = Time resting spent in this place.
 E = Time spent auto-exploring this place.
 F = Levels seen in this place.
 G = Mean time per level.
                   A        B        C        D        E       F      G
               +--------+--------+--------+--------+--------+-----+--------+
         Total |    119 |     85 |     34 |      0 |      0 |   1 |  119.0 |
       Dungeon |    119 |     85 |     34 |      0 |      0 |   1 |  119.0 |
               +--------+--------+--------+--------+--------+-----+--------+

Top non-repeatable levels by time:
       D: 119 daAuts
